Minnesota North Stars vs Vegas Golden Knights
Created - Tuesday, August 19, 2025 at 08:03
Goals
|
| Minnesota North Stars |
0 |
0 |
1 |
1 |
| Vegas Golden Knights |
0 |
0 |
3 |
3 |
|
Shots
|
| Minnesota North Stars |
10 |
6 |
16 |
32 |
| Vegas Golden Knights |
10 |
12 |
7 |
29 |
|
1st period
No Goal
Penalties :
Neal Pionk (MNS) for Cross-checking (Minor) at 19:18
2nd period
No Goal
Penalties :
Rasmus Dahlin (MNS) for Holding (Minor) at 5:01, Travis Hamonic (VGK) for Cross-checking (Minor) at 14:08
3rd period
1. Vegas Golden Knights , Mathieu Olivier 2 (Andreas Athanasiou 5) at 3:33 (SH)
2. Minnesota North Stars , Ryan Nugent-Hopkins 3 (Jack Hughes 11, Neal Pionk 5) at 7:01
3. Vegas Golden Knights , Tyler Toffoli 6 (Jared McCann 4, Sean Monahan 11) at 15:29 (PP)
4. Vegas Golden Knights , Roman Josi 3 (Anthony Mantha 4) at 16:02
Penalties :
Tyler Toffoli (VGK) for Interference (Minor) at 3:23, Matt Roy (MNS) for Holding (Minor) at 7:28, Matt Roy (MNS) for Hooking (Minor) at 15:26
Goalie Stats
Charlie Lindgren (MNS), 26 saves from 29 shots - (0.897), L, 1-5-0, 60:00 minutes
Mackenzie Blackwood (VGK), 31 saves from 32 shots - (0.969), W, 7-1-1, 60:00 minutes
Players Stats for Minnesota North Stars
Player Name G A P +/- PIM S H SB GA TA FO MP PP MP PK MP
------------------------------------------------------------------------------------
Brock Nelson 0 0 0 -2 0 3 1 1 2 0 1/2 18:39 1:51 3:16
Erik Cernak 0 0 0 0 0 1 1 1 0 0 0/0 17:58 0:00 2:48
Evgeni Malkin 0 0 0 -2 0 1 2 0 0 0 13/20 15:43 1:51 0:00
Frank Vatrano 0 0 0 0 0 2 1 0 1 1 0/0 12:31 0:00 0:00
Gustav Forsling 0 0 0 0 0 2 0 4 0 1 0/0 21:33 1:45 2:48
Ivan Barbashev 0 0 0 0 0 0 1 0 2 0 0/0 8:55 0:00 0:00
Jack Hughes 0 1 1 1 0 3 0 0 1 0 5/14 16:24 1:31 0:00
Jonathan Marchessault 0 0 0 0 0 3 2 1 0 0 0/0 15:03 2:07 0:11
Lawson Crouse 0 0 0 0 0 0 0 0 0 0 0/0 8:19 0:00 0:07
Matt Roy 0 0 0 -1 4 1 4 0 0 0 0/0 22:11 1:59 2:08
Mattias Janmark 0 0 0 0 0 3 2 0 2 0 1/2 12:05 0:47 2:33
Neal Pionk 0 1 1 0 2 1 1 1 0 1 0/0 18:48 1:59 0:00
Niko Mikkola 0 0 0 0 0 0 1 1 0 1 0/0 19:11 0:00 3:12
Rasmus Dahlin 0 0 0 -1 2 0 0 2 0 0 0/0 20:24 2:13 1:04
Ryan Nugent-Hopkins 1 0 1 1 0 2 0 2 0 1 0/2 18:08 0:00 3:16
Valeri Nichushkin 0 0 0 -1 0 4 2 1 0 1 1/1 16:02 2:07 0:00
William Eklund 0 0 0 0 0 1 2 0 0 0 0/1 16:50 1:40 0:00
William Karlsson 0 0 0 0 0 5 3 0 0 0 8/14 15:12 0:00 2:37
Players Stats for Vegas Golden Knights
Player Name G A P +/- PIM S H SB GA TA FO MP PP MP PK MP
------------------------------------------------------------------------------------
Andreas Athanasiou 0 1 1 1 0 0 0 0 1 0 1/7 11:06 0:00 1:57
Anthony Mantha 0 1 1 0 0 0 0 0 0 0 0/1 10:59 2:23 0:00
Auston Matthews 0 0 0 0 0 6 2 0 1 0 0/0 18:27 3:15 0:00
Bryan Rust 0 0 0 0 0 2 1 0 0 0 0/0 18:50 3:15 0:07
Erik Johnson 0 0 0 1 0 0 1 1 0 0 0/0 15:46 0:00 1:53
Jack Johnson 0 0 0 1 0 0 0 1 0 0 0/0 16:00 0:00 2:07
Jared McCann 0 1 1 0 0 0 1 1 1 1 1/1 15:57 2:45 0:00
Jordan Staal 0 0 0 0 0 2 1 0 1 0 7/13 13:48 0:00 1:54
Mathew Barzal 0 0 0 0 0 2 0 0 0 1 0/0 16:06 3:37 0:07
Mathieu Olivier 1 0 1 1 0 1 2 0 0 1 0/0 11:06 0:00 1:57
Mika Zibanejad 0 0 0 0 0 4 3 0 0 1 11/17 18:29 3:15 0:00
Reilly Smith 0 0 0 0 0 1 1 1 1 0 0/1 14:38 0:00 1:54
Roman Josi 1 0 1 0 0 5 0 1 0 0 0/0 24:47 2:23 0:28
Sean Monahan 0 1 1 0 0 3 4 1 1 1 7/16 16:20 2:45 0:00
Shea Theodore 0 0 0 0 0 1 0 3 0 0 0/0 25:18 3:37 0:31
Thomas Chabot 0 0 0 0 0 0 0 0 0 1 0/0 16:18 0:00 2:05
Travis Hamonic 0 0 0 0 2 0 1 1 0 1 0/0 15:40 0:00 0:52
Tyler Toffoli 1 0 1 0 2 2 1 1 0 1 0/0 16:25 2:45 0:00
3 Stars
1 - Mackenzie Blackwood (VGK)
2 - Mathieu Olivier (VGK)
3 - Roman Josi (VGK)
Power Play
Minnesota North Stars - 0 on 2 Attempt(s) - 0.00%
Vegas Golden Knights - 1 on 4 Attempt(s) - 25.00%
Penalty Kill
Minnesota North Stars - 3 on 4 Attempt(s) - 75.00%
- Score 0 goal in Penalty Kill
Vegas Golden Knights - 2 on 2 Attempt(s) - 100.00%
- Score 1 goal in Penalty Kill
Team Stat
Minnesota North Stars - Hits : 23 - Faceoff Wins : 29 - Blocked Shots : 14 - Penalty Minutes : 8
Vegas Golden Knights - Hits : 18 - Faceoff Wins : 27 - Blocked Shots : 11 - Penalty Minutes : 4
Official
Referees : Furman South and Chris Rooney
Linesman : Travis Gawryletz and Kilian McNamara
Game Notes
No Game Note
Finance
Level 1 -- Attendance: 4844 (80.73%) -- Ticket Income $460,180
Level 2 -- Attendance: 4527 (90.54%) -- Ticket Income $248,985
Level 3 -- Attendance: 3000 (100.00%) -- Ticket Income $90,000
Level 4 -- Attendance: 5000 (100.00%) -- Ticket Income $100,000
Luxury Box -- Attendance: 1000 (100.00%) -- Ticket Income $190,000
Game was played at the T-Mobile Arena.
Total Attendance: 18371 (91.86%)
Total Ticket Income: $1,089,165
Other Income: $381,208
Total Income: $1,470,373
Minnesota North Stars
5 vs 5 Forward
Center Left Wing Right Wing Time % Phy DF OF
1 Evgeni Malkin Brock Nelson Valeri Nichushkin 31 0 2 3
2 Jack Hughes William Eklund Ryan Nugent-Hopkins 31 0 2 3
3 William Karlsson Jonathan Marchessault Frank Vatrano 28 0 2 3
4 Mattias Janmark Ivan Barbashev Lawson Crouse 10 0 3 2
5 vs 5 Defense
Defense Defense Time % Phy DF OF
1 Rasmus Dahlin Erik Cernak 34 0 3 2
2 Gustav Forsling Matt Roy 33 1 2 2
3 Neal Pionk Niko Mikkola 33 0 3 2
4 Rasmus Dahlin Matt Roy 0 1 2 2
PowerPlay Forward
Center Left Wing Right Wing Time % Phy DF OF
1 Jack Hughes Jonathan Marchessault Valeri Nichushkin 50 0 1 4
2 Evgeni Malkin Brock Nelson William Eklund 50 0 1 4
PowerPlay Defense
Defense Defense Time % Phy DF OF
1 Rasmus Dahlin Matt Roy 50 0 2 3
2 Gustav Forsling Neal Pionk 50 0 2 3
Penalty Kill 4 Players Forward
Center Wing Time % Phy DF OF
1 Ryan Nugent-Hopkins Brock Nelson 50 0 5 0
2 William Karlsson Mattias Janmark 50 0 5 0
Penalty Kill 4 Players Defense
Defense Defense Time % Phy DF OF
1 Erik Cernak Gustav Forsling 50 0 5 0
2 Matt Roy Niko Mikkola 50 0 5 0
Penalty Kill - 3 Players Forward
Forward Time % Phy DF OF
1 Ryan Nugent-Hopkins 50 0 5 0
2 Mattias Janmark 50 0 5 0
Penalty Kill - 3 Players Defense
Defense Defense Time % Phy DF OF
1 Matt Roy Erik Cernak 50 0 5 0
2 Gustav Forsling Niko Mikkola 50 0 5 0
4 vs 4 Forward
Center Wing Time % Phy DF OF
1 Jack Hughes Valeri Nichushkin 50 1 2 2
2 Evgeni Malkin William Eklund 50 1 2 2
4 vs 4 Defense
Defense Defense Time % Phy DF OF
1 Rasmus Dahlin Matt Roy 50 1 2 2
2 Gustav Forsling Erik Cernak 50 1 2 2
Last Minutes Offensive
Center Left Wing Right Wing Defense Defense
Jack Hughes Jonathan Marchessault Valeri Nichushkin Rasmus Dahlin Gustav Forsling
Last Minutes Defensive
Center Left Wing Right Wing Defense Defense
Ryan Nugent-Hopkins Mattias Janmark Valeri Nichushkin Erik Cernak Gustav Forsling
Goaltenders
Starting : Charlie Lindgren
Backup : Logan Thompson
Extra Forwards
Normal : William Eklund, Ivan Barbashev, Jonathan Marchessault - PP : William Eklund, Jonathan Marchessault - PK : Jonathan Marchessault
Extra Defensemen
Normal : Neal Pionk, Niko Mikkola, Gustav Forsling - PP : Neal Pionk - PK : Niko Mikkola, Gustav Forsling
Penalty Shots
William Eklund, Jonathan Marchessault, Valeri Nichushkin, Evgeni Malkin, Ryan Nugent-Hopkins
Scratches
Kent Johnson (Healthy), Dylan DeMelo (Healthy)
Vegas Golden Knights
5 vs 5 Forward
Center Left Wing Right Wing Time % Phy DF OF
1 Mika Zibanejad Auston Matthews Bryan Rust 30 1 2 2
2 Sean Monahan Jared McCann Tyler Toffoli 30 1 2 2
3 Jordan Staal Mathew Barzal Reilly Smith 25 1 2 2
4 Andreas Athanasiou Mathieu Olivier Anthony Mantha 15 1 2 2
5 vs 5 Defense
Defense Defense Time % Phy DF OF
1 Roman Josi Shea Theodore 30 1 2 2
2 Thomas Chabot Travis Hamonic 30 1 2 2
3 Jack Johnson Erik Johnson 25 1 2 2
4 Roman Josi Shea Theodore 15 1 2 2
PowerPlay Forward
Center Left Wing Right Wing Time % Phy DF OF
1 Mika Zibanejad Auston Matthews Bryan Rust 50 1 2 2
2 Sean Monahan Jared McCann Tyler Toffoli 50 1 2 2
PowerPlay Defense
Defense Defense Time % Phy DF OF
1 Shea Theodore Mathew Barzal 50 1 2 2
2 Roman Josi Anthony Mantha 50 1 2 2
Penalty Kill 4 Players Forward
Center Wing Time % Phy DF OF
1 Jordan Staal Reilly Smith 50 1 2 2
2 Andreas Athanasiou Mathieu Olivier 50 1 2 2
Penalty Kill 4 Players Defense
Defense Defense Time % Phy DF OF
1 Thomas Chabot Travis Hamonic 50 1 2 2
2 Jack Johnson Erik Johnson 50 1 2 2
Penalty Kill - 3 Players Forward
Forward Time % Phy DF OF
1 Jordan Staal 50 1 2 2
2 Andreas Athanasiou 50 1 2 2
Penalty Kill - 3 Players Defense
Defense Defense Time % Phy DF OF
1 Thomas Chabot Travis Hamonic 50 1 2 2
2 Jack Johnson Erik Johnson 50 1 2 2
4 vs 4 Forward
Center Wing Time % Phy DF OF
1 Mika Zibanejad Auston Matthews 50 1 2 2
2 Sean Monahan Tyler Toffoli 50 1 2 2
4 vs 4 Defense
Defense Defense Time % Phy DF OF
1 Shea Theodore Roman Josi 50 1 2 2
2 Thomas Chabot Travis Hamonic 50 1 2 2
Last Minutes Offensive
Center Left Wing Right Wing Defense Defense
Sean Monahan Auston Matthews Bryan Rust Shea Theodore Roman Josi
Last Minutes Defensive
Center Left Wing Right Wing Defense Defense
Jordan Staal Mathieu Olivier Reilly Smith Thomas Chabot Travis Hamonic
Goaltenders
Starting : Mackenzie Blackwood
Backup : Sergei Bobrovsky
Extra Forwards
Normal : Sean Monahan, Auston Matthews, Mika Zibanejad - PP : Jordan Staal, Reilly Smith - PK : Bryan Rust
Extra Defensemen
Normal : Thomas Chabot, Shea Theodore, Roman Josi - PP : Thomas Chabot - PK : Shea Theodore, Roman Josi
Penalty Shots
Mika Zibanejad, Sean Monahan, Bryan Rust, Anthony Mantha, Auston Matthews
Scratches
Brendan Smith (Healthy), Cole Smith (Healthy)
% Time on Ice - Minnesota North Stars
Lines # - Real PCT - Wanted PCT - Time Play
Normal Forward
1 - 28% - 31% - 13:55
2 - 31% - 31% - 15:29
3 - 25% - 28% - 12:31
4 - 16% - 10% - 8:07
Normal Defense
1 - 33% - 34% - 16:30
2 - 32% - 33% - 15:46
3 - 32% - 33% - 15:59
4 - 4% - 0% - 1:47
PP Forward
1 - 53% - 50% - 2:07
2 - 47% - 50% - 1:51
PP Defense
1 - 50% - 50% - 1:59
2 - 50% - 50% - 1:59
PK Forward
1 - 54% - 50% - 3:16
2 - 46% - 50% - 2:44
PK Defense
1 - 47% - 50% - 2:48
2 - 53% - 50% - 3:12
PK3 Forward
1 - 0% - 50%
2 - 0% - 50%
PK3 Defense
1 - 0% - 50%
2 - 0% - 50%
44 Forward
1 - 0% - 50%
2 - 0% - 50%
44 Defense
1 - 0% - 50%
2 - 0% - 50%
Last Minute Offensive - 0:00
Last Minute Defensive - 0:00
Total
Forward - 60:00
Defense - 60:00
|
% Time on Ice - Vegas Golden Knights
Lines # - Real PCT - Wanted PCT - Time Play
Normal Forward
1 - 31% - 30% - 15:42
2 - 28% - 30% - 13:57
3 - 24% - 25% - 11:50
4 - 17% - 15% - 8:33
Normal Defense
1 - 31% - 30% - 15:45
2 - 31% - 30% - 15:23
3 - 26% - 25% - 12:54
4 - 12% - 15% - 6:00
PP Forward
1 - 54% - 50% - 3:15
2 - 46% - 50% - 2:45
PP Defense
1 - 60% - 50% - 3:37
2 - 40% - 50% - 2:23
PK Forward
1 - 48% - 50% - 1:54
2 - 52% - 50% - 2:04
PK Defense
1 - 53% - 50% - 2:05
2 - 47% - 50% - 1:53
PK3 Forward
1 - 0% - 50%
2 - 0% - 50%
PK3 Defense
1 - 0% - 50%
2 - 0% - 50%
44 Forward
1 - 0% - 50%
2 - 0% - 50%
44 Defense
1 - 0% - 50%
2 - 0% - 50%
Last Minute Offensive - 0:00
Last Minute Defensive - 0:00
Total
Forward - 60:00
Defense - 60:00
|
Play-by-Play
1st period
0:01 of 1st period - Mika Zibanejad wins face-off versus Evgeni Malkin in neutral zone.
0:06 of 1st period - Wrist shot by Auston Matthews.
0:06 of 1st period - Stopped by Charlie Lindgren without a rebound.
0:07 of 1st period - Mika Zibanejad wins face-off versus Evgeni Malkin in Minnesota North Stars zone.
0:10 of 1st period - Wrist shot by Auston Matthews.
0:10 of 1st period - Stopped by Charlie Lindgren without a rebound.
0:11 of 1st period - Sean Monahan wins face-off versus Jack Hughes in Minnesota North Stars zone.
0:16 of 1st period - Slapshot by Sean Monahan.
0:16 of 1st period - Stopped by Charlie Lindgren without a rebound.
0:17 of 1st period - Jack Hughes wins face-off versus Sean Monahan in Minnesota North Stars zone.
0:34 of 1st period - Snap shot by Jack Hughes.
0:34 of 1st period - Stopped by Mackenzie Blackwood with a rebound.
2:52 of 1st period - Wrist shot by Anthony Mantha.
2:52 of 1st period - Shot Blocked by Neal Pionk.
3:23 of 1st period - Icing by Thomas Chabot.
3:24 of 1st period - Sean Monahan wins face-off versus William Karlsson in Vegas Golden Knights zone.
3:37 of 1st period - Wrist shot by Tyler Toffoli.
3:37 of 1st period - Stopped by Charlie Lindgren without a rebound.
3:38 of 1st period - Jordan Staal wins face-off versus Evgeni Malkin in Minnesota North Stars zone.
3:41 of 1st period - Slapshot by Jordan Staal.
3:41 of 1st period - Deflect By Valeri Nichushkin.
3:41 of 1st period - Shot Blocked by Valeri Nichushkin.
3:41 of 1st period - Puck is out of play.
3:42 of 1st period - Evgeni Malkin wins face-off versus Jordan Staal in Minnesota North Stars zone.
3:55 of 1st period - Slapshot by Reilly Smith.
3:55 of 1st period - Stopped by Charlie Lindgren with a rebound.
4:28 of 1st period - Icing by Bryan Rust.
4:29 of 1st period - William Karlsson wins face-off versus Sean Monahan in Vegas Golden Knights zone.
4:32 of 1st period - Wrist shot by Frank Vatrano.
4:32 of 1st period - Shot Misses the Net.
4:34 of 1st period - Wrist shot by William Karlsson.
4:34 of 1st period - Stopped by Mackenzie Blackwood with a rebound.
4:36 of 1st period - Slapshot by Niko Mikkola.
4:36 of 1st period - Shot Misses the Net.
5:16 of 1st period - Snap shot by Jack Hughes.
5:16 of 1st period - Shot Misses the Net.
5:18 of 1st period - Slapshot by Niko Mikkola.
5:18 of 1st period - Shot Blocked by Shea Theodore.
5:22 of 1st period - Snap shot by Jack Hughes.
5:22 of 1st period - Stopped by Mackenzie Blackwood with a rebound.
6:30 of 1st period - Snap shot by Mathew Barzal.
6:30 of 1st period - Stopped by Charlie Lindgren without a rebound.
6:31 of 1st period - Mika Zibanejad wins face-off versus Jack Hughes in Minnesota North Stars zone.
7:02 of 1st period - Wrist shot by Brock Nelson.
7:02 of 1st period - Stopped by Mackenzie Blackwood with a rebound.
7:08 of 1st period - Snap shot by Brock Nelson.
7:08 of 1st period - Shot Misses the Net.
8:08 of 1st period - Ryan Nugent-Hopkins is hit by Bryan Rust and loses puck.
8:55 of 1st period - Snap shot by Jordan Staal.
8:55 of 1st period - Stopped by Charlie Lindgren with a rebound.
9:13 of 1st period - Ryan Nugent-Hopkins is hit by Mathieu Olivier and loses puck.
9:30 of 1st period - Snap shot by Ivan Barbashev.
9:30 of 1st period - Shot Misses the Net.
9:52 of 1st period - Gustav Forsling is hit by Sean Monahan and loses puck.
9:59 of 1st period - Wrist shot by Jared McCann.
9:59 of 1st period - Shot Misses the Net.
10:13 of 1st period - Snap shot by William Karlsson.
10:13 of 1st period - Shot Misses the Net.
10:15 of 1st period - Slapshot by Gustav Forsling.
10:15 of 1st period - Stopped by Mackenzie Blackwood with a rebound.
11:14 of 1st period - Slapshot by Ivan Barbashev.
11:14 of 1st period - Shot Blocked by Jared McCann.
11:16 of 1st period - Snap shot by Brock Nelson.
11:16 of 1st period - Shot Misses the Net.
12:06 of 1st period - Wrist shot by Jordan Staal.
12:06 of 1st period - Stopped by Charlie Lindgren with a rebound.
12:16 of 1st period - Snap shot by William Karlsson.
12:16 of 1st period - Stopped by Mackenzie Blackwood with a rebound.
12:26 of 1st period - Mattias Janmark is hit by Mika Zibanejad and loses puck.
13:02 of 1st period - Backhand shot by William Eklund.
13:02 of 1st period - Stopped by Mackenzie Blackwood without a rebound.
13:03 of 1st period - Jordan Staal wins face-off versus William Eklund in Vegas Golden Knights zone.
13:20 of 1st period - Snap shot by Jack Hughes.
13:20 of 1st period - Deflect By Mathew Barzal.
13:20 of 1st period - Shot Misses the Net.
13:20 of 1st period - Puck is out of play.
13:21 of 1st period - Evgeni Malkin wins face-off versus Mika Zibanejad in Vegas Golden Knights zone.
13:22 of 1st period - Snap shot by Brock Nelson.
13:22 of 1st period - Stopped by Mackenzie Blackwood without a rebound.
13:23 of 1st period - Mika Zibanejad wins face-off versus Evgeni Malkin in Vegas Golden Knights zone.
13:28 of 1st period - Erik Cernak is hit by Auston Matthews and loses puck.
14:20 of 1st period - Wrist shot by Ivan Barbashev.
14:20 of 1st period - Shot Misses the Net.
14:41 of 1st period - Wrist shot by Jared McCann.
14:41 of 1st period - Deflect By Sean Monahan.
14:41 of 1st period - Shot Blocked by Ryan Nugent-Hopkins.
14:41 of 1st period - Puck is out of play.
14:42 of 1st period - Brock Nelson wins face-off versus Jordan Staal in Minnesota North Stars zone.
14:59 of 1st period - Snap shot by Valeri Nichushkin.
14:59 of 1st period - Shot Blocked by Shea Theodore.
15:09 of 1st period - Bryan Rust is hit by Matt Roy and loses puck.
15:18 of 1st period - Snap shot by Frank Vatrano.
15:18 of 1st period - Deflect By William Karlsson.
15:18 of 1st period - Stopped by Mackenzie Blackwood with a rebound.
15:41 of 1st period - Icing by Roman Josi.
15:42 of 1st period - Evgeni Malkin wins face-off versus Andreas Athanasiou in Vegas Golden Knights zone.
16:05 of 1st period - Snap shot by Anthony Mantha.
16:05 of 1st period - Deflect By Mathieu Olivier.
16:05 of 1st period - Shot Misses the Net.
16:05 of 1st period - Puck is out of play.
16:06 of 1st period - William Karlsson wins face-off versus Mika Zibanejad in Minnesota North Stars zone.
16:16 of 1st period - Wrist shot by Bryan Rust.
16:16 of 1st period - Shot Blocked by Niko Mikkola.
16:18 of 1st period - Slapshot by Thomas Chabot.
16:18 of 1st period - Shot Misses the Net.
16:44 of 1st period - Wrist shot by Brock Nelson.
16:44 of 1st period - Shot Misses the Net.
17:00 of 1st period - Snap shot by Auston Matthews.
17:00 of 1st period - Deflect By Mika Zibanejad.
17:00 of 1st period - Shot Blocked by Brock Nelson.
17:00 of 1st period - Puck is out of play.
17:01 of 1st period - Jack Hughes wins face-off versus Sean Monahan in Minnesota North Stars zone.
17:08 of 1st period - Slapshot by William Eklund.
17:08 of 1st period - Shot Blocked by Shea Theodore.
17:10 of 1st period - Slapshot by Jack Hughes.
17:10 of 1st period - Shot Hit the Post.
17:12 of 1st period - Snap shot by William Eklund.
17:12 of 1st period - Shot Misses the Net.
17:41 of 1st period - Off-side.
17:42 of 1st period - Evgeni Malkin wins face-off versus Anthony Mantha in neutral zone.
17:54 of 1st period - Wrist shot by Evgeni Malkin.
17:54 of 1st period - Stopped by Mackenzie Blackwood without a rebound.
17:55 of 1st period - Jordan Staal wins face-off versus Jack Hughes in Vegas Golden Knights zone.
18:07 of 1st period - Slapshot by Reilly Smith.
18:07 of 1st period - Shot Misses the Net.
18:09 of 1st period - Snap shot by Roman Josi.
18:09 of 1st period - Stopped by Charlie Lindgren with a rebound.
18:44 of 1st period - Evgeni Malkin is hit by Erik Johnson and loses puck.
19:18 of 1st period - Minor Penalty to Neal Pionk for Cross-checking.
19:19 of 1st period - Mika Zibanejad wins face-off versus Ryan Nugent-Hopkins in Minnesota North Stars zone.
19:26 of 1st period - Snap shot by Mika Zibanejad.
19:26 of 1st period - Stopped by Charlie Lindgren without a rebound.
19:27 of 1st period - Mika Zibanejad wins face-off versus Ryan Nugent-Hopkins in Minnesota North Stars zone.
Goals for this period are 0 for Minnesota North Stars vs 0 for Vegas Golden Knights.
Shots for this period are 10 for Minnesota North Stars vs 10 for Vegas Golden Knights.
2nd period
0:01 of 2nd period - William Karlsson wins face-off versus Sean Monahan in neutral zone.
0:34 of 2nd period - Wrist shot by Mika Zibanejad.
0:34 of 2nd period - Stopped by Charlie Lindgren with a rebound.
0:36 of 2nd period - Snap shot by Mika Zibanejad.
0:36 of 2nd period - Shot Misses the Net.
1:18 of 2nd period - Penalty to Neal Pionk is over, Neal Pionk is back on ice.
1:28 of 2nd period - Snap shot by William Karlsson.
1:28 of 2nd period - Shot Misses the Net.
2:12 of 2nd period - Snap shot by Ivan Barbashev.
2:12 of 2nd period - Shot Misses the Net.
2:29 of 2nd period - William Karlsson is hit by Tyler Toffoli and loses puck.
2:42 of 2nd period - Auston Matthews is hit by Valeri Nichushkin and loses puck.
2:49 of 2nd period - Snap shot by Bryan Rust.
2:49 of 2nd period - Shot Misses the Net.
3:12 of 2nd period - Lawson Crouse is hit by Jordan Staal and loses puck.
3:19 of 2nd period - Snap shot by Mattias Janmark.
3:19 of 2nd period - Shot Misses the Net.
3:55 of 2nd period - Slapshot by Valeri Nichushkin.
3:55 of 2nd period - Stopped by Mackenzie Blackwood with a rebound.
3:57 of 2nd period - Slapshot by Matt Roy.
3:57 of 2nd period - Stopped by Mackenzie Blackwood without a rebound.
3:58 of 2nd period - Jordan Staal wins face-off versus Evgeni Malkin in Vegas Golden Knights zone.
4:01 of 2nd period - Slapshot by Evgeni Malkin.
4:01 of 2nd period - Shot Misses the Net.
4:03 of 2nd period - Snap shot by Brock Nelson.
4:03 of 2nd period - Shot Misses the Net.
4:05 of 2nd period - Slapshot by Neal Pionk.
4:05 of 2nd period - Stopped by Mackenzie Blackwood without a rebound.
4:06 of 2nd period - Sean Monahan wins face-off versus Jack Hughes in Vegas Golden Knights zone.
4:23 of 2nd period - Snap shot by Sean Monahan.
4:23 of 2nd period - Shot Misses the Net.
4:37 of 2nd period - Snap shot by William Karlsson.
4:37 of 2nd period - Stopped by Mackenzie Blackwood without a rebound.
4:38 of 2nd period - William Karlsson wins face-off versus Mika Zibanejad in Vegas Golden Knights zone.
4:51 of 2nd period - Wrist shot by Mika Zibanejad.
4:51 of 2nd period - Shot Misses the Net.
4:53 of 2nd period - Slapshot by Shea Theodore.
4:53 of 2nd period - Stopped by Charlie Lindgren with a rebound.
4:55 of 2nd period - Slapshot by Bryan Rust.
4:55 of 2nd period - Shot Blocked by Jonathan Marchessault.
5:01 of 2nd period - Minor Penalty to Rasmus Dahlin for Holding.
5:02 of 2nd period - William Karlsson wins face-off versus Sean Monahan in Minnesota North Stars zone.
5:29 of 2nd period - Bryan Rust is hit by William Karlsson.
6:17 of 2nd period - Snap shot by Mika Zibanejad.
6:17 of 2nd period - Stopped by Charlie Lindgren with a rebound.
7:01 of 2nd period - Penalty to Rasmus Dahlin is over, Rasmus Dahlin is back on ice.
8:09 of 2nd period - Jack Hughes is hit by Auston Matthews and loses puck.
10:17 of 2nd period - Reilly Smith is hit by Valeri Nichushkin and loses puck.
10:40 of 2nd period - Icing by William Karlsson.
10:41 of 2nd period - Sean Monahan wins face-off versus Mattias Janmark in Minnesota North Stars zone.
11:16 of 2nd period - Evgeni Malkin is hit by Jared McCann and loses puck.
11:33 of 2nd period - Snap shot by Sean Monahan.
11:33 of 2nd period - Stopped by Charlie Lindgren without a rebound.
11:34 of 2nd period - Mika Zibanejad wins face-off versus Jack Hughes in Minnesota North Stars zone.
11:35 of 2nd period - Wrist shot by Bryan Rust.
11:35 of 2nd period - Stopped by Charlie Lindgren without a rebound.
11:36 of 2nd period - Jack Hughes wins face-off versus Mika Zibanejad in Minnesota North Stars zone.
11:44 of 2nd period - Icing by Auston Matthews.
11:45 of 2nd period - Mika Zibanejad wins face-off versus Jack Hughes in Vegas Golden Knights zone.
12:49 of 2nd period - Snap shot by Ryan Nugent-Hopkins.
12:49 of 2nd period - Stopped by Mackenzie Blackwood with a rebound.
12:55 of 2nd period - Auston Matthews is hit by Matt Roy and loses puck.
13:22 of 2nd period - Wrist shot by Bryan Rust.
13:22 of 2nd period - Stopped by Charlie Lindgren with a rebound.
13:24 of 2nd period - Wrist shot by Mika Zibanejad.
13:24 of 2nd period - Shot Blocked by Gustav Forsling.
13:26 of 2nd period - Snap shot by Auston Matthews.
13:26 of 2nd period - Shot Misses the Net.
13:30 of 2nd period - Snap shot by Bryan Rust.
13:30 of 2nd period - Shot Misses the Net.
13:32 of 2nd period - Snap shot by Mika Zibanejad.
13:32 of 2nd period - Shot Misses the Net.
13:34 of 2nd period - Slapshot by Roman Josi.
13:34 of 2nd period - Stopped by Charlie Lindgren with a rebound.
13:36 of 2nd period - Wrist shot by Auston Matthews.
13:36 of 2nd period - Stopped by Charlie Lindgren with a rebound.
13:38 of 2nd period - Slapshot by Roman Josi.
13:38 of 2nd period - Shot Blocked by Gustav Forsling.
13:40 of 2nd period - Wrist shot by Bryan Rust.
13:40 of 2nd period - Shot Blocked by Gustav Forsling.
13:42 of 2nd period - Slapshot by Auston Matthews.
13:42 of 2nd period - Stopped by Charlie Lindgren with a rebound.
13:44 of 2nd period - Slapshot by Roman Josi.
13:44 of 2nd period - Stopped by Charlie Lindgren without a rebound.
13:45 of 2nd period - Evgeni Malkin wins face-off versus Sean Monahan in Minnesota North Stars zone.
13:50 of 2nd period - Snap shot by Sean Monahan.
13:50 of 2nd period - Stopped by Charlie Lindgren with a rebound.
14:02 of 2nd period - Snap shot by Valeri Nichushkin.
14:02 of 2nd period - Shot Misses the Net.
14:08 of 2nd period - Minor Penalty to Travis Hamonic for Cross-checking.
14:09 of 2nd period - Mattias Janmark wins face-off versus Jordan Staal in Vegas Golden Knights zone.
14:18 of 2nd period - Snap shot by Jonathan Marchessault.
14:18 of 2nd period - Deflect By Valeri Nichushkin.
14:18 of 2nd period - Shot Misses the Net.
14:18 of 2nd period - Puck is out of play.
14:19 of 2nd period - Valeri Nichushkin wins face-off versus Jordan Staal in Vegas Golden Knights zone.
14:22 of 2nd period - Backhand shot by Valeri Nichushkin.
14:22 of 2nd period - Stopped by Mackenzie Blackwood without a rebound.
14:23 of 2nd period - Jack Hughes wins face-off versus Andreas Athanasiou in Vegas Golden Knights zone.
14:42 of 2nd period - Jack Johnson is hit by William Eklund and loses puck.
15:29 of 2nd period - Mathieu Olivier is hit by Mattias Janmark and loses puck.
16:08 of 2nd period - Penalty to Travis Hamonic is over, Travis Hamonic is back on ice.
16:35 of 2nd period - Snap shot by William Karlsson.
16:35 of 2nd period - Shot Hit the Post.
16:37 of 2nd period - Slapshot by Rasmus Dahlin.
16:37 of 2nd period - Shot Blocked by Jack Johnson.
17:24 of 2nd period - Snap shot by Roman Josi.
17:24 of 2nd period - Deflect By Ryan Nugent-Hopkins.
17:24 of 2nd period - Stopped by Charlie Lindgren with a rebound.
17:47 of 2nd period - Brock Nelson is hit by Sean Monahan.
18:06 of 2nd period - Niko Mikkola is hit by Mika Zibanejad.
18:12 of 2nd period - Roman Josi is hit by Jonathan Marchessault and loses puck.
18:31 of 2nd period - Wrist shot by Mattias Janmark.
18:31 of 2nd period - Shot Blocked by Reilly Smith.
18:33 of 2nd period - Slapshot by Neal Pionk.
18:33 of 2nd period - Shot Blocked by Travis Hamonic.
19:17 of 2nd period - Wrist shot by Mathieu Olivier.
19:17 of 2nd period - Shot Blocked by Erik Cernak.
19:57 of 2nd period - Mika Zibanejad is hit by Mattias Janmark and loses puck.
Goals for this period are 0 for Minnesota North Stars vs 0 for Vegas Golden Knights.
Shots for this period are 6 for Minnesota North Stars vs 12 for Vegas Golden Knights.
3rd period
0:01 of 3rd period - Evgeni Malkin wins face-off versus Reilly Smith in neutral zone.
0:04 of 3rd period - Roman Josi is hit by Matt Roy and loses puck.
0:31 of 3rd period - Snap shot by Shea Theodore.
0:31 of 3rd period - Shot Blocked by Rasmus Dahlin.
0:33 of 3rd period - Wrist shot by Mathew Barzal.
0:33 of 3rd period - Shot Blocked by Ryan Nugent-Hopkins.
0:53 of 3rd period - Wrist shot by William Karlsson.
0:53 of 3rd period - Stopped by Mackenzie Blackwood with a rebound.
0:59 of 3rd period - Tyler Toffoli is hit by Jonathan Marchessault and loses puck.
1:43 of 3rd period - Snap shot by Mika Zibanejad.
1:43 of 3rd period - Stopped by Charlie Lindgren with a rebound.
1:45 of 3rd period - Slapshot by Auston Matthews.
1:45 of 3rd period - Stopped by Charlie Lindgren without a rebound.
1:46 of 3rd period - Sean Monahan wins face-off versus Jack Hughes in Minnesota North Stars zone.
1:55 of 3rd period - Slapshot by Tyler Toffoli.
1:55 of 3rd period - Shot Blocked by Gustav Forsling.
2:15 of 3rd period - Travis Hamonic is hit by Evgeni Malkin and loses puck.
2:24 of 3rd period - Wrist shot by Mathew Barzal.
2:24 of 3rd period - Shot Misses the Net.
2:58 of 3rd period - Snap shot by Frank Vatrano.
2:58 of 3rd period - Stopped by Mackenzie Blackwood without a rebound.
2:59 of 3rd period - Andreas Athanasiou wins face-off versus William Karlsson in Vegas Golden Knights zone.
2:59 of 3rd period - Andreas Athanasiou is hit by William Karlsson.
3:09 of 3rd period - Icing by Anthony Mantha.
3:10 of 3rd period - Evgeni Malkin wins face-off versus Andreas Athanasiou in Vegas Golden Knights zone.
3:17 of 3rd period - Wrist shot by Brock Nelson.
3:17 of 3rd period - Stopped by Mackenzie Blackwood without a rebound.
3:18 of 3rd period - Evgeni Malkin wins face-off versus Sean Monahan in Vegas Golden Knights zone.
3:21 of 3rd period - Backhand shot by Brock Nelson.
3:21 of 3rd period - Shot Blocked by Roman Josi.
3:23 of 3rd period - Minor Penalty to Tyler Toffoli for Interference.
3:24 of 3rd period - Evgeni Malkin wins face-off versus Andreas Athanasiou in Vegas Golden Knights zone.
3:33 of 3rd period - Snap shot by Andreas Athanasiou.
3:33 of 3rd period - Deflect By Mathieu Olivier.
3:33 of 3rd period - Goal by Mathieu Olivier - Minnesota North Stars : 0 - Vegas Golden Knights : 1.
3:34 of 3rd period - Evgeni Malkin wins face-off versus Andreas Athanasiou in neutral zone.
3:37 of 3rd period - Andreas Athanasiou is hit by Matt Roy and loses puck.
4:10 of 3rd period - Wrist shot by Jack Hughes.
4:10 of 3rd period - Shot Misses the Net.
5:23 of 3rd period - Penalty to Tyler Toffoli is over, Tyler Toffoli is back on ice.
5:40 of 3rd period - Tyler Toffoli is hit by Ivan Barbashev and loses puck.
6:32 of 3rd period - Icing by Ivan Barbashev.
6:33 of 3rd period - William Karlsson wins face-off versus Jordan Staal in Minnesota North Stars zone.
7:01 of 3rd period - Snap shot by Ryan Nugent-Hopkins.
7:01 of 3rd period - Goal by Ryan Nugent-Hopkins - Minnesota North Stars : 1 - Vegas Golden Knights : 1.
7:02 of 3rd period - Jordan Staal wins face-off versus Evgeni Malkin in neutral zone.
7:05 of 3rd period - Evgeni Malkin is hit by Reilly Smith and loses puck.
7:28 of 3rd period - Minor Penalty to Matt Roy for Holding.
7:29 of 3rd period - Jared McCann wins face-off versus William Karlsson in Minnesota North Stars zone.
8:19 of 3rd period - Rasmus Dahlin is hit by Sean Monahan and loses puck.
9:28 of 3rd period - Penalty to Matt Roy is over, Matt Roy is back on ice.
9:41 of 3rd period - Anthony Mantha is hit by Evgeni Malkin and loses puck.
10:28 of 3rd period - Reilly Smith is hit by William Eklund and loses puck.
11:04 of 3rd period - Bryan Rust is hit by Frank Vatrano and loses puck.
11:22 of 3rd period - Wrist shot by Ivan Barbashev.
11:22 of 3rd period - Deflect By Mattias Janmark.
11:22 of 3rd period - Stopped by Mackenzie Blackwood without a rebound.
11:23 of 3rd period - Sean Monahan wins face-off versus Brock Nelson in Vegas Golden Knights zone.
11:36 of 3rd period - Sean Monahan is hit by Neal Pionk and loses puck.
11:49 of 3rd period - Mathieu Olivier is hit by Niko Mikkola and loses puck.
12:18 of 3rd period - Slapshot by Mattias Janmark.
12:18 of 3rd period - Stopped by Mackenzie Blackwood with a rebound.
12:20 of 3rd period - Wrist shot by Mattias Janmark.
12:20 of 3rd period - Stopped by Mackenzie Blackwood without a rebound.
12:21 of 3rd period - Evgeni Malkin wins face-off versus Sean Monahan in Vegas Golden Knights zone.
12:22 of 3rd period - Snap shot by Valeri Nichushkin.
12:22 of 3rd period - Stopped by Mackenzie Blackwood with a rebound.
12:24 of 3rd period - Wrist shot by Evgeni Malkin.
12:24 of 3rd period - Deflect By Valeri Nichushkin.
12:24 of 3rd period - Shot Blocked by Sean Monahan.
12:24 of 3rd period - Puck is out of play.
12:25 of 3rd period - Evgeni Malkin wins face-off versus Sean Monahan in Vegas Golden Knights zone.
12:34 of 3rd period - Snap shot by Valeri Nichushkin.
12:34 of 3rd period - Stopped by Mackenzie Blackwood with a rebound.
12:54 of 3rd period - Wrist shot by Jonathan Marchessault.
12:54 of 3rd period - Stopped by Mackenzie Blackwood without a rebound.
12:55 of 3rd period - William Karlsson wins face-off versus Mika Zibanejad in Vegas Golden Knights zone.
12:56 of 3rd period - Slapshot by Frank Vatrano.
12:56 of 3rd period - Shot Blocked by Erik Johnson.
12:58 of 3rd period - Slapshot by Gustav Forsling.
12:58 of 3rd period - Shot Misses the Net.
13:00 of 3rd period - Wrist shot by Jonathan Marchessault.
13:00 of 3rd period - Shot Misses the Net.
13:02 of 3rd period - Snap shot by Frank Vatrano.
13:02 of 3rd period - Stopped by Mackenzie Blackwood with a rebound.
13:04 of 3rd period - Snap shot by Jonathan Marchessault.
13:04 of 3rd period - Stopped by Mackenzie Blackwood with a rebound.
13:06 of 3rd period - Slapshot by Frank Vatrano.
13:06 of 3rd period - Shot Misses the Net.
13:08 of 3rd period - Wrist shot by Jonathan Marchessault.
13:08 of 3rd period - Stopped by Mackenzie Blackwood without a rebound.
13:09 of 3rd period - Jordan Staal wins face-off versus Jack Hughes in Vegas Golden Knights zone.
13:18 of 3rd period - Wrist shot by Ryan Nugent-Hopkins.
13:18 of 3rd period - Shot Misses the Net.
13:20 of 3rd period - Slapshot by Erik Cernak.
13:20 of 3rd period - Stopped by Mackenzie Blackwood without a rebound.
13:21 of 3rd period - Jack Hughes wins face-off versus Mika Zibanejad in Vegas Golden Knights zone.
13:28 of 3rd period - Slapshot by William Eklund.
13:28 of 3rd period - Deflect By Jack Hughes.
13:28 of 3rd period - Stopped by Mackenzie Blackwood with a rebound.
13:48 of 3rd period - Sean Monahan is hit by Erik Cernak and loses puck.
13:55 of 3rd period - Snap shot by Brock Nelson.
13:55 of 3rd period - Shot Misses the Net.
14:13 of 3rd period - Wrist shot by Frank Vatrano.
14:13 of 3rd period - Shot Misses the Net.
14:15 of 3rd period - Snap shot by William Karlsson.
14:15 of 3rd period - Shot Misses the Net.
14:17 of 3rd period - Slapshot by Gustav Forsling.
14:17 of 3rd period - Stopped by Mackenzie Blackwood without a rebound.
14:18 of 3rd period - Mika Zibanejad wins face-off versus Jack Hughes in Vegas Golden Knights zone.
15:26 of 3rd period - Minor Penalty to Matt Roy for Hooking.
15:27 of 3rd period - Sean Monahan wins face-off versus William Karlsson in Minnesota North Stars zone.
15:29 of 3rd period - Snap shot by Jared McCann.
15:29 of 3rd period - Deflect By Tyler Toffoli.
15:29 of 3rd period - Goal by Tyler Toffoli - Minnesota North Stars : 1 - Vegas Golden Knights : 2.
15:30 of 3rd period - Jordan Staal wins face-off versus William Karlsson in neutral zone.
15:44 of 3rd period - Snap shot by Mathew Barzal.
15:44 of 3rd period - Shot Blocked by Rasmus Dahlin.
15:46 of 3rd period - Slapshot by Shea Theodore.
15:46 of 3rd period - Deflect By Mathew Barzal.
15:46 of 3rd period - Shot Misses the Net.
15:46 of 3rd period - Puck is out of play.
15:47 of 3rd period - Evgeni Malkin wins face-off versus Andreas Athanasiou in Minnesota North Stars zone.
15:59 of 3rd period - Roman Josi is hit by Brock Nelson and loses puck.
16:02 of 3rd period - Slapshot by Roman Josi.
16:02 of 3rd period - Goal by Roman Josi - Minnesota North Stars : 1 - Vegas Golden Knights : 3.
16:03 of 3rd period - William Karlsson wins face-off versus Jordan Staal in neutral zone.
16:18 of 3rd period - Slapshot by Mathew Barzal.
16:18 of 3rd period - Stopped by Charlie Lindgren without a rebound.
16:19 of 3rd period - Mika Zibanejad wins face-off versus Evgeni Malkin in Minnesota North Stars zone.
16:57 of 3rd period - Wrist shot by Mathew Barzal.
16:57 of 3rd period - Shot Misses the Net.
17:09 of 3rd period - Erik Cernak is hit by Mathieu Olivier.
17:15 of 3rd period - Snap shot by Anthony Mantha.
17:15 of 3rd period - Shot Misses the Net.
17:17 of 3rd period - Slapshot by Travis Hamonic.
17:17 of 3rd period - Shot Misses the Net.
17:39 of 3rd period - Ivan Barbashev is hit by Travis Hamonic and loses puck.
17:54 of 3rd period - Wrist shot by Valeri Nichushkin.
17:54 of 3rd period - Shot Misses the Net.
17:57 of 3rd period - Icing by Shea Theodore.
17:58 of 3rd period - Mika Zibanejad wins face-off versus William Karlsson in Vegas Golden Knights zone.
17:58 of 3rd period - Mika Zibanejad is hit by William Karlsson.
18:04 of 3rd period - Matt Roy is hit by Mika Zibanejad and loses puck.
18:25 of 3rd period - Snap shot by Auston Matthews.
18:25 of 3rd period - Stopped by Charlie Lindgren with a rebound.
18:53 of 3rd period - Wrist shot by Jack Hughes.
18:53 of 3rd period - Shot Misses the Net.
19:12 of 3rd period - Jack Hughes is hit by Sean Monahan and loses puck.
19:41 of 3rd period - Slapshot by Rasmus Dahlin.
19:41 of 3rd period - Shot Blocked by Tyler Toffoli.
Goals for this period are 1 for Minnesota North Stars vs 3 for Vegas Golden Knights.
Shots for this period are 16 for Minnesota North Stars vs 7 for Vegas Golden Knights.
Back to the Top